 Dungeon Crawl Stone Soup version 0.27-a0-1196-g3e9cee4cb2 (webtiles) character file.

Game seed: 18095918965201007710

7541 HoaS the Impaler (level 11, -2/61 HPs)
             Began as a Tengu Berserker on May 28, 2021.
             Was a High Priest of Trog.
             Killed from afar by an electric eel (8 damage)
             ... with a bolt of electricity
             ... on level 9 of the Dungeon.
             The game lasted 00:23:42 (9398 turns).

HoaS the Impaler (Tengu Berserker)                  Turns: 9398, Time: 00:23:43

Health: -2/61      AC:  7    Str: 24    XL:     11   Next: 16%
Magic:  0/12       EV: 15    Int:  9    God:    Trog [*****.]
Gold:   373        SH:  0    Dex: 19    Spells: 10/10 levels left

rFire    . . .     SeeInvis .   t - +0 glaive
rCold    + . .     Faith    .   (shield currently unavailable)
rNeg     . . .     Spirit   +   m - +0 acid dragon scales
rPois    .         Reflect  .   (helmet restricted)
rElec    .         Harm     .   e - +0 cloak of the Gate {rC+ Str+4 Slay+2}
rCorr    +         Rampage  .   (no gloves)
Will     .....                  (boots unavailable)
Stlth    +.........             j - amulet of guardian spirit
HPRegen  0.20/turn              g - +6 ring of dexterity
MPRegen  0.13/turn              (no ring)

@: flying quickly and evasively, quick
A: beak, talons 3, nimble flight
a: Renounce Religion, Berserk, Trog's Hand, Brothers in Arms


You were on level 9 of the Dungeon.
You worshipped Trog.
Trog was extremely pleased with you.
You visited 1 branch of the dungeon, and saw 9 of its levels.

You collected 796 gold pieces.
You spent 423 gold pieces at shops.

Inventory:

Hand Weapons
 o - a +0 trident
 t - a +0 glaive (weapon)
Missiles
 l - 8 boomerangs of dispersal
 p - 5 curare-tipped darts (quivered)
Armour
 d - a +0 plate armour
 e - the +0 cloak of the Gate (worn) {rC+ Str+4 Slay+2}
   (You bought it in a shop on level 4 of the Dungeon)

   It affects your strength (+4).
   It affects your accuracy and damage with ranged weapons and melee attacks
   (+2).
   It protects you from cold.
 m - +0 acid dragon scales (worn)
Jewellery
 a - a ring of fire
 g - a +6 ring of dexterity (left hand)
 h - a ring of ice
 j - an amulet of guardian spirit (around neck)
Wands
 q - a wand of paralysis (10)
Scrolls
 b - a scroll of fear
 f - 3 scrolls of teleportation
 n - 2 scrolls of enchant armour
 s - 3 scrolls of magic mapping
Potions
 c - 4 potions of ambrosia
 i - 2 potions of berserk rage
 k - a potion of heal wounds
 r - 2 potions of mutation


   Skills:
 - Level 4.1 Fighting
 * Level 16.9 Polearms
 - Level 3.0 Armour
 - Level 3.0 Dodging


You had 10 spell levels left.
You didn't know any spells.
Your spell library was empty.

Dungeon Overview and Level Annotations

Branches:
Dungeon (9/15)             Temple (0/1) D:6
   Lair: D:8-11         Orc: D:9-12

Altars:
Cheibriados
Fedhas
Hepliaklqana
Sif Muna
Beogh

Shops:
D:3 *   D:4 [   D:9 ?[[*


Innate Abilities, Weirdness & Mutations

You have a beak for a mouth.
You have claws for feet.
Your magical nature lets you fly swiftly and evasively.


Message History

Found 21 sling bullets.
An electric eel comes into view.
Found Qiuworad's General Store.
An electric eel is nearby!
An electric eel is nearby!
An electric eel is nearby!
The electric eel shoots out a bolt of lightning at you!
The bolt of electricity hits you!
You reach to attack!
You barely miss the electric eel.
The electric eel shoots out a bolt of lightning at you!
The bolt of electricity hits you!
You reach to attack!
You miss the electric eel.
The electric eel shoots out a bolt of lightning at you!
The bolt of electricity hits you!
You are too injured to fight recklessly!
You are too injured to fight recklessly!
You are too injured to fight recklessly!
You are too injured to fight recklessly!
Reach: t) +0 glaive
Press: ? - help, Dir - move target, f/p - electric eel
Aim: an electric eel (water, about 46% to evade your +0 glaive)
You reach to attack!
You hit the electric eel but do no damage.
Reach: t) +0 glaive
Press: ? - help, Dir - move target, f/p - electric eel
Aim: an electric eel (water, about 46% to evade your +0 glaive)
You reach to attack!
You miss the electric eel.
The electric eel shoots out a bolt of lightning at you!
The bolt of electricity hits you!
* * * LOW HITPOINT WARNING * * *
Reach: t) +0 glaive
Press: ? - help, Dir - move target, f/p - electric eel
Aim: an electric eel (water, about 46% to evade your +0 glaive)
You reach to attack!
You closely miss the electric eel.
The electric eel shoots out a bolt of lightning at you!
The bolt of electricity hits you!
* * * LOW HITPOINT WARNING * * *
The electric eel shoots out a bolt of lightning at you!
The bolt of electricity hits you!
You die...

#### ##≈≈≈##
##≈≈≈≈≈#
####...∩≈≈##
#####
#....≈≈≈≈≈.#
.....
#.....;≈≈..#
..>..
#....(.....#
..... +
#>.........#
..... #.
#....@.....#
.....
#.##..........#
.....
#.............#
.....
####..........#
#####
##.#########
#..# ##.## #..#
###'########


You could see an electric eel.

Vanquished Creatures
  A two-headed ogre (D:8)
  An ugly thing (D:9)
  A cyclops (D:7)
  The ghost of p0werm0de the Skirmisher, a novice GrFi of Okawaru (D:5)
  2 trolls (D:9)
  A hornet (D:9)
  Sigmund (D:5)
  A wyvern (D:8)
  3 steam dragons (D:8)
  Menkaure (D:6)
  An acid dragon (D:8)
  2 water moccasins
  5 orc warriors
  4 black bears
  3 ogres
  5 necrophages
  4 centaurs
  2 phantoms (D:5)
  2 kobold brigands
  A bullfrog (D:5)
  3 scorpions
  11 killer bees
  An electric eel (D:8)
  A howler monkey (D:5)
  2 bullfrog zombies
  Crazy Yiuf (D:3)
  A centaur zombie (D:5)
  7 hounds
  3 jellies
  3 orc priests
  2 bullfrog skeletons (D:6)
  A centaur skeleton (D:7)
  Natasha (twice) (D:3)
  3 iguanas
  4 orc wizards
  A howler monkey zombie (D:8)
  4 gnolls
  7 adders
  A river rat (D:5)
  A shadow imp (D:5)
  An ufetubus (D:7)
  An adder skeleton (D:4)
  2 worms
  A dart slug (D:1)
  49 orcs
  10 ball pythons
  10 endoplasms
  8 goblins
  8 hobgoblins
  2 jackals (D:3)
  15 kobolds
  4 quokkas
  8 bats
  6 frilled lizards
  9 rats
235 creatures vanquished.

Notes
Turn   | Place    | Note
-------+----------+-------------------------------------------
     0 | D:1      | HoaS the Tengu Berserker began the quest for the Orb.
     0 | D:1      | Reached XP level 1. HP: 14/14 MP: 2/2
    86 | D:1      | Reached XP level 2. HP: 19/19 MP: 3/3
    99 | D:1      | Reached skill level 4 in Polearms
   289 | D:1      | Reached XP level 3. HP: 23/23 MP: 4/4
   426 | D:1      | Reached ** piety under Trog
   877 | D:2      | Found a faded altar of an unknown god.
   906 | D:2      | Reached skill level 5 in Polearms
  1302 | D:2      | Reached XP level 4. HP: 26/28 MP: 5/5
  1334 | D:2      | You fall into a shaft and drop 2 floors!
  1425 | D:3      | Found Bufuc's Assorted Antiques.
  1592 | D:3      | Noticed a black bear
  1609 | D:3      | Killed a black bear
  1610 | D:3      | Reached skill level 6 in Polearms
  1610 | D:3      | Gained mutation: Your magical nature lets you fly swiftly
                  | and evasively. [Tengu growth]
  1610 | D:3      | Reached XP level 5. HP: 29/32 MP: 6/6
  1673 | D:3      | Reached skill level 7 in Polearms
  1822 | D:3      | Found a runed translucent door.
  1823 | D:3      | Noticed Crazy Yiuf
  1870 | D:3      | Reached *** piety under Trog
  1883 | D:3      | Noticed Natasha
  1889 | D:3      | Killed Natasha
  1890 | D:3      | Reached XP level 6. HP: 25/37 MP: 7/7
  2676 | D:3      | Noticed an orc warrior
  2689 | D:3      | Killed an orc warrior
  2690 | D:3      | Reached skill level 8 in Polearms
  3019 | D:3      | Noticed Natasha
  3024 | D:3      | Killed Natasha
  3025 | D:3      | Reached XP level 7. HP: 41/41 MP: 8/8
  3097 | D:3      | Killed Crazy Yiuf
  3203 | D:4      | Reached skill level 9 in Polearms
  3497 | D:4      | Identified the +2 chain mail of Liberalism {+Blink}
  3551 | D:4      | Found Raihoybu's Armour Emporium.
  3803 | D:5      | Entered Level 5 of the Dungeon
  3841 | D:5      | Reached skill level 10 in Polearms
  3841 | D:5      | Reached XP level 8. HP: 39/46 MP: 6/9
  3966 | D:5      | Noticed Sigmund
  3973 | D:5      | Killed Sigmund
  3974 | D:5      | Reached skill level 11 in Polearms
  4312 | D:5      | Found a runed translucent door.
  4314 | D:5      | Noticed p0werm0de's ghost (novice GrFi)
  4383 | D:5      | Found a runed translucent door.
  4779 | D:6      | Reached skill level 12 in Polearms
  4787 | D:6      | Found a staircase to the Ecumenical Temple.
  4798 | D:6      | Reached XP level 9. HP: 50/50 MP: 8/10
  4898 | D:6      | Reached **** piety under Trog
  4970 | D:6      | Reached skill level 13 in Polearms
  5245 | D:6      | Noticed Menkaure
  5253 | D:6      | Killed Menkaure
  5918 | D:7      | Noticed a cyclops
  5920 | D:7      | Found a snail-covered altar of Cheibriados.
  5920 | D:7      | Found a shimmering blue altar of Sif Muna.
  5928 | D:7      | Killed a cyclops
  5929 | D:7      | Reached skill level 14 in Polearms
  5931 | D:7      | Found a blossoming altar of Fedhas.
  6109 | D:7      | Reached XP level 10. HP: 43/56 MP: 9/11
  6217 | D:7      | HP: 2/56 [poisoned by a killer bee]
  6660 | D:7      | Reached skill level 15 in Polearms
  7000 | D:8      | Noticed a deep elf pyromancer
  7404 | D:8      | Noticed a two-headed ogre
  7418 | D:8      | Killed a two-headed ogre
  7421 | D:8      | Reached skill level 16 in Polearms
  8104 | D:4      | Bought the +0 cloak of the Gate {rC+ Str+4 Slay+2} for 423
                  | gold pieces
  8245 | D:5      | Killed p0werm0de's ghost
  8655 | D:9      | Found Jojo Quge's Armour Emporium.
  8671 | D:9      | Found Hoiriw's Magic Scroll Boutique.
  8696 | D:9      | Reached XP level 11. HP: 38/61 MP: 7/12
  8699 | D:9      | Found Foturyl's Antique Armour Boutique.
  9171 | D:9      | Reached ***** piety under Trog
  9214 | D:9      | Noticed a brown ugly thing
  9221 | D:9      | Killed a brown ugly thing
  9376 | D:9      | Found a hazy altar of Hepliaklqana.
  9389 | D:9      | Found Qiuworad's General Store.
  9398 | D:9      | Killed from afar by an electric eel

Illustrated notes

Levels and vault maps discovered:
D:1:      dpeg_arrival_leaves_temple_mockup, layout_basic, chequers_garden
D:2:      layout_loops_ring, hellmonk_ecumenical_altar_pennies_from_heaven,
          chequers_serial_rivers_small_a, chequers_hall_statues_corner_a
D:3:      layout_loops_corners, serial_shops, shop_statue, grunt_ministairs_3,
          uniq_crazy_yiuf_cottage, uniq_natasha
D:4:      layout_cave_pools, serial_shops,
          nicolae_shop_temple_entry_statues_fountains
D:5:      layout_loops_corners, ebering_ghost_sewer_f, uniq_sigmund
D:6:      layout_cave_pools, minmay_temple_entry_slanted, uniq_menkaure
D:7:      layout_loops_ring, chequers_temple_overflow_statue_of_worship
D:8:      layout_basic, onia_ninara_dug_in_and_dangerous
D:9:      layout_roguey [special_room_orc], kennysheep_mini_moat, serial_shops,
          nicolae_shop_waterfront, nicolae_shop_waterfront, shop, shop

Skill      XL: |  1  2  3  4  5  6  7  8  9 10 |
---------------+-------------------------------+-----
Polearms       | 4 5 6 7 8 10 12 14 16 | 16.9
Fighting       | 4 |  4.1
Armour         | 3 |  3.0
Dodging        | 3 |  3.0

Action                   |  1- 3 |  4- 6 |  7- 9 | 10-12 || total
-------------------------+-------+-------+-------+-------++-------
Melee: Spear             |   116 |    81 |       |       ||   197
       Peck              |    17 |    17 |    46 |    42 ||   122
       Kick              |    15 |    28 |    74 |    53 ||   170
       Halberd           |       |    26 |   219 |   121 ||   366
       Glaive            |       |       |       |    97 ||    97
Invok: Berserk           |       |     1 |     2 |     3 ||     6
       Trog's Hand       |       |       |     1 |     3 ||     4
  Use: Scroll            |     3 |     1 |     6 |     4 ||    14
       Potion            |       |     1 |       |       ||     1
 Stab: Sleeping          |       |       |     2 |     1 ||     3
Armor: Ring mail         |    21 |    24 |     6 |       ||    51
       Animal skin       |     1 |       |       |       ||     1
       Chain mail        |       |       |    81 |    40 ||   121
       Acid dragon scale |       |       |       |    17 ||    17
Dodge: Dodged            |    36 |    38 |    94 |    80 ||   248

Table legend: (Time is in decaauts)
 A = Elapsed time spent in this place.
 B = Non-inter-level travel time spent in this place.
 C = Inter-level travel time spent in this place.
 D = Time resting spent in this place.
 E = Time spent auto-exploring this place.
 F = Levels seen in this place.
 G = Mean time per level.
                   A        B        C        D        E       F      G
               +--------+--------+--------+--------+--------+-----+--------+
         Total |   8918 |   8517 |    401 |   2567 |   4493 |   9 |  990.9 |
       Dungeon |   8918 |   8517 |    401 |   2567 |   4493 |   9 |  990.9 |
               +--------+--------+--------+--------+--------+-----+--------+

Top non-repeatable levels by time:
     D:3: 1295 daAuts
     D:5: 1275 daAuts
     D:8: 1192 daAuts
     D:7: 1096 daAuts
     D:2: 967 daAuts
     D:9: 876 daAuts
     D:1: 761 daAuts
     D:4: 731 daAuts
     D:6: 721 daAuts
